 Dungeon Crawl Stone Soup version 0.22-a0-160-gcc81d7a (webtiles) character file.

56 Borgoz the Skirmisher (level 3, 0/33 HPs)
             Began as a Minotaur Abyssal Knight on Feb 10, 2018.
             Was a Follower of Lugonu.
             Slain by a worker ant (5 damage)
             ... on level 4 of the Dungeon.
             The game lasted 00:02:44 (1672 turns).

Borgoz the Skirmisher (Minotaur Abyssal Knight)     Turns: 1672, Time: 00:02:45

Health: 0/33       AC:  3    Str: 16    XL:     3   Next: 71%
Magic:  3/3        EV: 12    Int:  9    God:    Lugonu [*.....]
Gold:   42         SH:  0    Dex: 10    Spells: 2/2 levels left

rFire    . . .     SeeInvis .   a - +1 hand axe
rCold    . . .     Gourm    .   (no shield)
rNeg     . . .     Faith    .   b - +0 leather armour
rPois    .         Spirit   .   (helmet restricted)
rElec    .         Reflect  .   (no cloak)
rCorr    .         Harm     .   (no gloves)
MR       .....                  (no boots)
Stlth    +.........             (no amulet)
HPRegen  0.11/turn              (no ring)
MPRegen  0.08/turn              (no ring)

@: lethally poisoned (0 -> -26)
A: retaliatory headbutt, horns 2
a: Depart the Abyss, Renounce Religion


You were on level 4 of the Dungeon.
You worshipped Lugonu.
Lugonu was aware of your devotion.
You were hungry.

You visited 1 branch of the dungeon, and saw 3 of its levels.
You visited the Abyss 1 time.

You collected 42 gold pieces.

Inventory:

Hand Weapons
 a - a +1 hand axe (weapon)
Armour
 b - a +0 leather armour (worn)
Jewellery
 j - an uncursed ring of protection from fire {unknown}
Scrolls
 e - a scroll of remove curse
 f - a scroll of magic mapping {unknown}
 h - a scroll of identify
 k - a scroll of teleportation
 n - a scroll of random uselessness {unknown}
Potions
 d - a potion of haste {unknown}
 g - a potion of flight {unknown}
 i - a potion of agility {unknown}
 m - a potion of curing {unknown}
Comestibles
 c - 5 rations


   Skills:
 + Level 4.1 Fighting
 + Level 3.1 Axes
 + Level 3.1 Armour
 + Level 1.9 Dodging
 + Level 2.3 Invocations


You had 2 spell levels left.
You didn't know any spells.

Dungeon Overview and Level Annotations

Branches:
Dungeon (2/15)

Altars:


Innate Abilities, Weirdness & Mutations

You reflexively headbutt those who attack you in melee.
You have a pair of horns on your head.


Message History

You barely miss the worker ant.
The worker ant is almost dead.
You feel sick. The worker ant bites you.
You are lethally poisoned!
The worker ant poisons you!
Unknown command.
You barely miss the worker ant.
The worker ant is almost dead.
You feel sick. The worker ant bites you.
You are more poisoned.
The worker ant poisons you!
You barely miss the worker ant. You headbutt the worker ant.
The worker ant is almost dead.
You are feeling hungry.
* * * LOW HITPOINT WARNING * * *
You feel very sick. The worker ant bites you.
* * * LOW HITPOINT WARNING * * *
The worker ant bites you.
You die...

##### ##$..## #
##.....##
##$###.......##
..............#
#.?.@......#
##...a.....#
##.......##
##.....##
##...## ##.##
.. #.# .#


You could see a worker ant.

Vanquished Creatures
  4 dart slugs
  4 leopard geckos (D:1)
  3 bats (D:1)
  3 giant cockroaches
  7 goblins (D:1)
  6 hobgoblins
  5 frilled lizards
  6 kobolds
  8 rats
46 creatures vanquished.

Notes
Turn   | Place    | Note
-------+----------+-------------------------------------------
     0 | Abyss:1  | Borgoz the Minotaur Abyssal Knight began the quest for the Orb.
     0 | Abyss:1  | Reached XP level 1. HP: 19/19 MP: 1/1
    81 | Abyss:1  | Noticed a small abomination
    82 | D:1      | Escaped the Abyss
   261 | D:1      | Reached XP level 2. HP: 5/27 MP: 2/2
   265 | D:1      | HP: 1/27 [leopard gecko (4)]
   629 | D:1      | Reached * piety under Lugonu
   899 | D:1      | Reached XP level 3. HP: 29/33 MP: 3/3
   931 | D:1      | Reached skill level 4 in Fighting
  1653 | D:2      | You fall through a shaft for 2 floors!
  1672 | D:4      | Slain by a worker ant

Vault maps used:
D:1:      ncdulo_halloftheorcs, minmay_tetromino_i4
D:2:      overflow_temple_1_default, first_ration
D:4:      nicolae_dithmenos_through_a_glass_darkly

Skill      XL: |  1  2  3 |
---------------+----------+-----
Invocations    | 2 |  2.3
Fighting       | 4 |  4.1
Axes           | 3 |  3.1
Armour         | 3 |  3.1
Dodging        | |  1.9

Action                   || total
-------------------------++-------
Melee: Hand axe          ||   111
       Headbutt          ||    19
Invok: Depart the Abyss  ||     1
  Use: Potion            ||     2
       Scroll            ||     3
  Eat: Chunk             ||     2
Armor: Leather armour    ||    29
Dodge: Dodged            ||    58

Table legend:
 A = Spawn XP
 B = Non-spawn XP
 C = Spawn XP percentage of total XP
 D = Spawn monster count
 E = Non-spawn monster count
 F = Spawn count percentage of total count
 G = Total turns spent on level
                    A         B        C        D         E        F      G
               +---------+---------+-------+---------+---------+-------+---------
         Total |       0 |      81 |   0.0 |       0 |      46 |   0.0 |  1672
               +---------+---------+-------+---------+---------+-------+---------
           D:1 |       0 |      64 |   0.0 |       0 |      34 |   0.0 |  1364
           D:2 |       0 |      17 |   0.0 |       0 |      12 |   0.0 |   207
               +---------+---------+-------+---------+---------+-------+---------
